Map: Terrasses de Prion

Players

Getsch - Winner!

  • Race: Zerg Zerg
  • League: Gold
  • Spawn Location: 5:00

zidar

  • Race: Zerg Zerg
  • League: Silver
  • Spawn Location: 11:00

VOD

Have the link to the VOD?

Description

Time

  • Played on: March 5, 2016, 1:34 p.m.
  • Length: 10:19
Show
View Real Time Build Order
Export as new Build Order

Getsch Zerg - Winner!

Build Orders: Pool First 

Get SALT Encoding   

  12  0:04  Drone  
  13  0:13  Overlord  
  13  0:18  Drone  
  14  0:42  Drone x2  
  16  0:43  Drone  
  16  0:49  Spawning Pool  
  16  0:55  Drone  
  17  0:59  Extractor  
  16  1:05  Drone  
  17  1:19  Hatchery  
  17  1:22  Drone  
  17  1:28  Drone  
  18  1:38  Queen  
  20  1:41  Overlord  
  20  1:48  Zergling x2  
  21  1:59  Spine Crawler  
  21  2:00  Drone  
  21  2:10  Metabolic Boost  
  21  2:14  Zergling x2  
  22  2:22  Zergling x2  
  23  2:32  Zergling x2  
  24  2:39  Queen  
  24  2:40  Drone  
  27  2:44  Drone  
  28  2:51  Zergling x4  
  28  2:52  Roach Warren  
  28  2:53  Zergling x2  
  30  3:02  Drone x2  
  32  3:09  Queen  
  34  3:18  Spine Crawler  
  33  3:26  Drone x3  
  36  3:34  Overlord  
  36  3:36  Overlord  
  30  3:56  Drone x3  
  37  4:02  Roach  
  37  4:03  Roach x2  
  39  4:10  Drone x3  
  42  4:18  Drone  
  42  4:19  Extractor  
  42  4:24  Drone x2  
  43  4:33  Roach x2  
  43  4:34  Roach x2  
  45  4:47  Roach x2  
  45  4:48  Roach  
  51  4:55  Overlord x2  
  51  5:08  Extractor  
  51  5:10  Overlord x2  
  51  5:11  Overlord x2  
  50  5:29  Drone  
  50  5:30  Baneling Nest, Drone x5  
  50  5:35  Lair  
  55  5:37  Evolution Chamber  
  54  5:43  Roach x3  
  54  5:44  Roach  
  62  5:52  Roach  
  62  5:57  Roach x3  
  70  6:05  Zergling x2  
  70  6:06  Zergling x10  
  76  6:14  Evolution Chamber  
  76  6:17  Zerg Missile Weapons Level 1  
  75  6:31  Zergling x4  
  77  6:38  Drone x4  
  77  6:39  Drone  
  82  6:43  Extractor  
  81  6:48  Roach  
  83  6:58  Hydralisk Den  
  83  6:59  Baneling x6  
  83  7:00  Baneling  
  82  7:29  Extractor  
  81  7:30  Hatchery  
  81  7:32  Extractor  
  79  7:40  Hydralisk x6  
  91  7:44  Lurker Den  
  91  7:59  Zerg Ground Armor Level 1  
  91  8:06  Zergling x4  
  91  8:07  Overlord x5, Zergling x4  
  91  8:08  Overlord  
  94  8:57  Hydralisk x4  
  94  8:58  Hydralisk x2  
  106  9:06  Hydralisk x3  
  106  9:07  Hydralisk x2  
  116  9:10  Spore Crawler  
  116  9:12  Spore Crawler  
  116  9:16  Lurker x2  
  116  9:18  Lurker  
  118  9:24  Zergling x4  
  119  9:37  Hydralisk  
  119  9:38  Hydralisk  
  123  9:46  Drone x3  
Show
View Real Time Build Order
Export as new Build Order

zidar Zerg 

Build Orders: Pool First 

Get SALT Encoding   

  12  0:01  Drone  
  13  0:12  Overlord  
  13  0:17  Drone  
  14  0:30  Drone x2  
  14  0:34  Drone  
  17  0:47  Spawning Pool  
  17  0:49  Drone  
  17  0:56  Extractor, Drone  
  17  1:24  Hatchery  
  17  1:25  Drone  
  17  1:38  Queen  
  19  1:43  Overlord  
  19  1:46  Drone  
  20  1:59  Zergling x4  
  22  2:06  Zergling x2  
  22  2:23  Zergling x2  
  22  2:28  Overlord  
  23  2:31  Queen  
  25  2:45  Zergling x4  
  25  2:49  Metabolic Boost  
  27  2:57  Extractor  
  26  3:06  Pneumatized Carapace  
  26  3:22  Drone x6  
  32  3:42  Zergling x8  
  32  3:43  Zergling x2  
  32  3:47  Zergling x2  
  34  4:14  Roach Warren, Drone x3  
  34  4:15  Drone x2  
  33  4:55  Extractor  
  33  4:58  Extractor  
  33  4:59  Roach x4  
  43  5:00  Roach x2  
  43  5:03  Overlord x2  
  43  5:04  Overlord  
  43  5:37  Roach  
  43  5:38  Roach x7  
  59  5:46  Lair  
  59  6:00  Overlord x2  
  59  6:03  Roach  
  63  6:04  Roach  
  63  6:20  Roach  
  63  6:21  Roach x3  
  71  6:32  Evolution Chamber  
  71  6:39  Roach x2  
  74  6:43  Roach  
  76  6:48  Drone  
  77  7:04  Spire  
  77  7:06  Drone  
  77  7:11  Drone  
  78  7:15  Drone  
  79  8:17  Mutalisk  
  79  8:18  Mutalisk  
  83  8:21  Overlord x2  
  83  8:23  Overlord  
  83  8:47  Mutalisk x5  
  83  8:48  Mutalisk x3  
  99  8:59  Overlord x4  
  99  9:12  Overlord x3  
  99  9:21  Zergling x6  
  99  9:22  Zergling x4  
  104  9:25  Zergling x2  
  104  9:28  Zergling x2  
  104  9:30  Zergling x2  
  107  9:59  Hatchery  
Tags
 
Add a new tag
Caveats
  • Supply blocks, unpowered buildings, or Contaminate may cause inaccurate times.
  • Supply counts are checked every 10 seconds.